 Dungeon Crawl Stone Soup version 0.28-a0-1435-g82390b3a13 (webtiles) character file.

Game seed: 13171129172517579108

119 SensoryNuts the Skirmisher (level 4, -1/34 (35) HPs)
             Began as a Demonspawn Fighter on Jan 9, 2022.
             Slain by Sigmund (7 damage)
             ... on level 3 of the Dungeon on Jan 10, 2022.
             The game lasted 00:03:07 (3008 turns).

SensoryNuts the Skirmisher (Demonspawn Fighter)     Turns: 3008, Time: 00:03:08

HP:   -1/34 (35)    AC:  8    Str: 18    XL:     4   Next: 73%
MP:   4/4           EV:  9    Int:  9    God:
Gold: 197           SH:  4    Dex: 13    Spells: 0/3 levels left

rFire   . . .      SeeInvis .   a - +0 long sword
rCold   . . .      Faith    .   c - +0 buckler
rNeg    . . .      Spirit   .   b - +0 scale mail
rPois   .          Reflect  .   (no helmet)
rElec   .          Harm     .   (no cloak)
rCorr   .          Rampage  .   (no gloves)
Will    .....                   (no boots)
Stlth   ..........              (no amulet)
HPRegen 0.11/turn               (no ring)
MPRegen 0.09/turn               (no ring)

@: brilliant, lightly drained
A: slimy green scales 1, spiny 1
a: no special abilities


You were on level 3 of the Dungeon.
You visited 1 branch of the dungeon, and saw 3 of its levels.

You collected 197 gold pieces.

Inventory:

Hand Weapons
 a - a +0 long sword (weapon)
Armour
 b - a +0 scale mail (worn)
 c - a +0 buckler (worn)
Jewellery
 g - a ring of positive energy
Scrolls
 e - 3 scrolls of identify
Potions
 f - a potion of attraction


   Skills:
 + Level 3.5 Fighting
 + Level 3.1 Long Blades
 + Level 3.4 Armour
 + Level 0.2 Dodging
 + Level 0.1 Stealth
 + Level 3.0 Shields


You couldn't memorise any spells.
You knew the following spells:

 Your Spells              Type           Power      Damage    Failure   Level
a - Summon Guardian Gole  Hex/Summ       0%         N/A       99%         3

Your spell library contained the following spells:

 Spells                   Type           Power      Damage    Failure   Level
 Orb of Destruction       Conj           0%         N/A       100%        7
 Spellforged Servitor     Conj/Summ      0%         N/A       100%        7


Dungeon Overview and Level Annotations

Branches:
Dungeon (3/15)

Altars:
Trog

Shops:
D:2 *

Annotations:
D:3 Sigmund


Innate Abilities, Weirdness & Mutations

You are partially covered in slimy green scales. (AC +2)
You are partially covered in sharp spines.


Message History

No target in view!
No target in view!
No target in view!
No target in view!
No target in view!
No target in view!
No target in view!
No target in view!
No target in view!
No target in view!
No target in view!
No target in view!
No target in view!
No target in view!
No target in view!
There is a strange disturbance nearby!
You barely miss something.
You hear some strange, mumbled words.
A magic dart appears from out of thin air!
The magic dart hits you.
You barely miss something.
You hear some strange, mumbled words.
A magic dart appears from out of thin air!
The magic dart hits you! You block something's attack.
You barely miss something. Something hits you.
You miss something.
It was a potion of brilliance.
You feel clever all of a sudden. Something hits you!
* * * LOW HITPOINT WARNING * * *
You closely miss something. Something hits you but does no damage.
You barely miss something. Something hits you.
* * * LOW HITPOINT WARNING * * *
You hit something.
You hear some strange, mumbled words.
A magic dart appears from out of thin air!
The magic dart hits you.
* * * LOW HITPOINT WARNING * * *
You miss something. Something hits you!
You die...

## .. .# ###############
.# [.............# .#
#####...#####+###.####..
.####...###.....@{......
..........'............>
.####...###.......#####.
.# #...#.........#
.####...#.#.......#
........#[#.......#
........#.#.......#
........#.#########
......#.#.#


There were no monsters in sight!

Vanquished Creatures
  Terence (D:2)
  4 adders
  2 worms
  An orc (D:3)
  5 endoplasms
  A giant cockroach (D:2)
  2 goblins (D:2)
  3 hobgoblins
  3 jackals (D:2)
  5 quokkas
  6 ball pythons
  3 bats
  3 frilled lizards
  7 kobolds
  5 rats
51 creatures vanquished.

Notes
Turn   | Place    | Note
-------+----------+-------------------------------------------
     0 | D:1      | SensoryNuts the Demonspawn Fighter began the quest for the
                  | Orb.
     0 | D:1      | Reached XP level 1. HP: 18/18 MP: 1/1
   633 | D:1      | Gained mutation: You are partially covered in sharp spines.
                  | [demonic ancestry]
   633 | D:1      | Reached XP level 2. HP: 24/24 MP: 2/2
  1125 | D:2      | Reached XP level 3. HP: 23/29 MP: 3/3
  1237 | D:2      | Found Cois's General Store.
  1399 | D:2      | Noticed Terence
  1411 | D:2      | Killed Terence
  1414 | D:2      | Gained mutation: You are partially covered in slimy green
                  | scales. (AC +2) [demonic ancestry]
  1414 | D:2      | Reached XP level 4. HP: 7/30 MP: 4/4
  1707 | D:2      | Found a bloodstained altar of Trog.
  2225 | D:3      | Learned a level 3 spell: Summon Guardian Golem
  2994 | D:3      | Noticed Sigmund
  3008 | D:3      | Slain by Sigmund

Illustrated notes

Levels and vault maps discovered:
D:1:      nicolae_arrival_memento_mori, layout_basic, hangedman_decor_growths
D:2:      layout_basic, serial_shops, shop, basic_altar, minivault_19,
          kennysheep_generic_room_11, uniq_terence
D:3:      layout_basic, yredelemnul_forgotten_temple_becter, uniq_sigmund

Skill      XL: |  1  2  3  4 |
---------------+-------------+-----
Armour         | 3 |  3.4
Long Blades    | 2 3 |  3.1
Shields        | 3 |  3.0
Fighting       | |  3.5
Dodging        | |  0.2
Stealth        | |  0.1

Action                   |  1- 3 |  4- 6 || total
-------------------------+-------+-------++-------
Melee: Long sword        |    69 |    56 ||   125
  Use: Potion            |     1 |     1 ||     2
       Scroll            |       |     1 ||     1
Armor: Scale mail        |    30 |    13 ||    43
Dodge: Dodged            |    28 |    12 ||    40
Block: Buckler           |    10 |    15 ||    25

Table legend: (Time is in decaauts)
 A = Elapsed time spent in this place.
 B = Non-inter-level travel time spent in this place.
 C = Inter-level travel time spent in this place.
 D = Time resting spent in this place.
 E = Time spent auto-exploring this place.
 F = Levels seen in this place.
 G = Mean time per level.
                   A        B        C        D        E       F      G
               +--------+--------+--------+--------+--------+-----+--------+
         Total |   3065 |   2953 |    112 |      0 |   2619 |   3 | 1021.7 |
       Dungeon |   3065 |   2953 |    112 |      0 |   2619 |   3 | 1021.7 |
               +--------+--------+--------+--------+--------+-----+--------+

Top non-repeatable levels by time:
     D:2: 1138 daAuts
     D:1: 1074 daAuts
     D:3: 851 daAuts
